 Dungeon Crawl Stone Soup version 0.32-a0-999-gfa1cc04b1d (webtiles) character file.

Game seed: 1178272698999613127

1591 Cancer the Covert (level 8, -15/50 (52) HPs)
             Began as an Octopode Delver on Apr 24, 2024.
             Was an Initiate of Makhleb.
             Demolished by a wight
             ... wielding a +0 halberd
              (18 damage)
             ... on level 7 of the Dungeon.
             The game lasted 00:19:25 (6452 turns).

Cancer the Covert (Octopode Delver)                 Turns: 6452, Time: 00:19:26

HP:   -15/50 (52)   AC:  1    Str: 13    XL:     8   Next: 93%
MP:   8/8           EV: 12    Int: 13    God:    Makhleb [......]
Gold: 355           SH:  0    Dex: 13    Spells: 7/7 levels left

rFire   . . .        o - +5 dagger (drain)
rCold   . . .        (no shield)
rNeg    . . .        (helmet currently unavailable)
rPois   .            (no amulet)
rElec   .            l - ring of willpower
rCorr   .            (no ring)
SInv    .            (no ring)
Will    +....        (no ring)
Stlth   +++++        (no ring)
HPRegen 0.28/turn    (no ring)
MPRegen 0.11/turn    (no ring)
                     (no ring)

%: no passive effects
@: beast-form, studying Maces & Flails, lightly drained
A: beast (slay +4), almost no armour, amphibious, 8 rings, camouflage 1,
gelatinous body 1, (nimble swimmer 1), tentacles
a: Begin Untransformation, Renounce Religion


You were on level 7 of the Dungeon.
You worshipped Makhleb.
Makhleb was noncommittal.
You were a hulking beast.
You visited 2 branches of the dungeon, and saw 8 of its levels.

You collected 355 gold pieces.

Inventory:

Hand Weapons
 o - a +5 dagger of draining (weapon)
Jewellery
 l - a ring of willpower (left tentacle)
Talismans
 m - a beast talisman (active)
 p - a flux talisman
Wands
 e - a wand of digging (3)
 s - a wand of flame (22)
Scrolls
 a - a scroll of fog
 b - 2 scrolls of revelation
 c - 3 scrolls of fear
 g - 4 scrolls of teleportation {unknown}
 h - 2 scrolls of enchant weapon {unknown}
 i - a scroll of enchant armour {unknown}
 j - a scroll of amnesia {unknown}
 k - a scroll of identify {unknown}
 q - a scroll of noise {unknown}
 t - a scroll of torment {unknown}
 w - a scroll of poison {unknown}
Potions
 d - 3 potions of haste
 f - 3 potions of mutation {unknown}
 n - a potion of curing {unknown}
 r - 2 potions of ambrosia {unknown}
 u - a potion of might {unknown}
 v - 3 potions of enlightenment {unknown}
 x - a potion of invisibility {unknown}
 z - a potion of magic {unknown}
 A - a potion of brilliance {unknown}


   Skills:
 - Level 3.0 Fighting
 - Level 2.0 Dodging
 - Level 10.0 Stealth
 - Level 5.8 Unarmed Combat
 + Level 7.0 Shapeshifting


You had 7 spell levels left.
You didn't know any spells.
Your spell library contained the following spells:

 Spells                   Type           Power      Damage    Failure   Level
 Sting                    Conj/Alch      0%         1d3       30%         1
 Summon Small Mammal      Summ           0%         N/A       30%         1
 Cigotuvi's Dreadful Rot  Necr/Alch/Air  0%         N/A       43%         2
 Mercury Vapours          Alch/Air       0%         N/A       43%         2
 Call Canine Familiar     Summ           0%         N/A       67%         3
 Fugue of the Fallen      Necr           0%         N/A       67%         3
 Ozocubu's Armour         Ice            0%         N/A       67%         3
 Ignite Poison            Fire/Alch      0%         N/A       97%         4
 Olgreb's Toxic Radiance  Alch           0%         N/A       97%         4
 Sticky Flame             Fire/Alch      0%         2d4       97%         4
 Summon Blazeheart Golem  Fire/Summ      0%         N/A       97%         4
 Freezing Cloud           Conj/Ice/Air   0%         6-21      100%        5
 Manifold Assault         Tloc           0%         N/A       100%        7
 Ignition                 Fire           0%         3d3       100%        8


Dungeon Overview and Level Annotations

Branches:
Dungeon (7/15)             Temple (1/1) D:6

Altars:
Ashenzari
Cheibriados
Dithmenos
Elyvilon
Fedhas
Gozag
Hepliaklqana
Kikubaaqudgha
Makhleb
Nemelex Xobeh
Okawaru
Qazlal
Ru
Sif Muna
Uskayaw
Vehumet
Xom
Yredelemnul
Zin
The Shining One

Shops:
D:2 =

Annotations:
D:5 steamdragon
D:6 magma


Innate Abilities, Weirdness & Mutations

You are a hulking beast.
Your limbs bulge with bestial killing power. (Slay +4)
You cannot wear most types of armour.
You are amphibious.
You can wear up to eight rings at the same time.
Your skin changes colour to match your surroundings (Stealth+).
Your rubbery body absorbs attacks. (AC +1, EV +1)
((You are camouflaged when in or above water. (Stealth+)))
You have tentacles for arms and can constrict up to eight enemies at once.


Message History

A wight comes into view. It is wielding a +2 dire flail.
You hit the wight. You grab the wight.
You squeeze the wight, but do no damage.
The wight is lightly damaged.
You constrict the wight. The wight barely misses you.
You hit the wight.
The wight is moderately damaged.
You constrict the wight. The wight closely misses you.
You puncture the wight!
You destroy the wight!
Makhleb accepts your kill.
Training target 10.0 for Stealth reached!
Your Stealth skill increases to level 10!
You need to enable at least one skill for training.
Unknown command.
Okay, then.
Unknown command.
What are your orders? t - Shout!
Orders for allies: a - Attack new target. r - Retreat! s - Stop attacking. g - Guard the area. f - Follow me.
Anything else - Cancel.
You shout for attention!
A wight comes into view. It is wielding a +5 falchion.
The wight attacks as it pursues you!
The wight hits you from afar with a +0 halberd!
The wight misses you. The wight closely misses you.
The wight hits you with a +0 halberd!
You feel drained. The wight hits you with a +0 spear.
The wight closely misses you.
The wight hits you from afar with a +0 spear.
* * * LOW HITPOINT WARNING * * *
The wight hits you from afar with a +0 halberd!
* * * LOW HITPOINT WARNING * * *
The wight attacks as it pursues you! The wight completely misses you.
The wight attacks as it pursues you!
The wight hits you from afar with a +0 halberd!!
You die...

.......##..#.......#
.......##..###.....#
.......'.....#.....#
.......#.....+.....#
...##..#######.....####
...##..##...####+#....#
........#...z.z..#....#
........+....zz..#....#
##.##+###.######h#.>..####
#####.###.######.######)<#
........zz#..............#
..........#..............#
###...###z###.###.#####..#
..#######.###.###.##.#####
..z.z.......#........#...#
.!#z........#........#...#
. #.######.########..##..#


You could see 4 wights.

Vanquished Creatures
  Grinder (D:4)
  Edmund (D:4)
  An orc warrior (D:5)
  An ice beast (D:5)
  3 black bears
  A sky beast (D:7)
  4 scorpions
  3 wights (D:7)
  A howler monkey (D:6)
  2 bombardier beetles (D:5)
  An orc priest (D:3)
  2 iguanas (D:5)
  An orc wizard (D:2)
  4 adders
  A white imp (D:6)
  2 ribbon worms
  5 dart slugs
  10 orcs
  6 endoplasms
  3 giant cockroaches (D:2)
  2 hobgoblins (D:2)
  2 quokkas
  6 ball pythons
  5 bats
  2 frilled lizards
  9 goblins
  10 kobolds
  6 rats
95 creatures vanquished.

Notes
Turn   | Place    | Note
-------+----------+-------------------------------------------
     0 | D:5      | Cancer the Octopode Delver began the quest for the Orb.
     0 | D:5      | Reached XP level 1. HP: 16/16 MP: 1/1
   117 | D:5      | Noticed a steam dragon
   176 | D:4      | Noticed a black bear
   197 | D:4      | Reached XP level 2. HP: 17/21 MP: 2/2
   244 | D:4      | Noticed Grinder
   778 | D:1      | Reached XP level 3. HP: 26/26 MP: 3/3
  1315 | D:2      | Found Bisoh's Jewellery Shop.
  1627 | D:2      | Reached XP level 4. HP: 31/31 MP: 4/4
  1781 | D:2      | Reached skill level 1 in Shapeshifting
  2491 | D:3      | Found a radiant altar of Vehumet.
  2779 | D:2      | Reached XP level 5. HP: 26/36 MP: 5/5
  2982 | D:4      | Reached skill level 7 in Stealth
  3021 | D:4      | Found a glowing silver altar of Zin.
  3096 | D:4      | Noticed Edmund
  3110 | D:4      | Killed Edmund
  3111 | D:4      | Reached XP level 6. HP: 20/42 MP: 6/6
  3194 | D:4      | Killed a black bear
  3195 | D:4      | Reached skill level 5 in Unarmed Combat
  3597 | D:4      | Paralysed by Grinder for 3 turns
  3604 | D:4      | Paralysed by Grinder for 4 turns
  3621 | D:4      | Paralysed by Grinder for 3 turns
  3629 | D:4      | Killed Grinder
  3630 | D:4      | Reached skill level 8 in Stealth
  3630 | D:4      | Reached XP level 7. HP: 42/46 MP: 7/7
  4033 | D:5      | Found a white marble altar of Elyvilon.
  4105 | D:5      | Reached skill level 5 in Shapeshifting
  4595 | D:5      | Reached XP level 8. HP: 47/52 MP: 8/8
  5407 | D:6      | Found a staircase to the Ecumenical Temple.
  5436 | Temple   | Entered the Ecumenical Temple
  5442 | Temple   | Became a worshipper of Makhleb the Destroyer
  5717 | D:6      | Found a shimmering blue altar of Sif Muna.
  5816 | D:6      | Found a broken altar of Ashenzari.
  5953 | D:7      | Found a glowing golden altar of the Shining One.
  6047 | D:7      | Reached skill level 9 in Stealth
  6195 | D:7      | Found a sparkling altar of Nemelex Xobeh.
  6427 | D:7      | Reached skill level 10 in Stealth
  6452 | D:7      | Demolished by a wight

Illustrated notes

Levels and vault maps discovered:
D:1:      mainiacjoe_arrival_oval_in_oval, layout_basic,
          chequers_serial_rivers_large_a, serial_bayou_lake_a
D:2:      minmay_skewed_foursquare, layout_loops_ring, serial_shops, shop,
          nicolae_concentric_dashed_squares_mild, hangedman_decor_points,
          chequers_serial_rivers_micro_a, guppyfry_early_orc_mine
D:3:      layout_rooms, overflow_temple_1_default, serial_forest,
          infiniplex_forest_straight_2, infiniplex_forest_straight_2,
          infiniplex_forest_end_1, infiniplex_forest_clump_double,
          roderic_roman_lattice
D:4:      layout_cave_pools, zin_statuary, chequers_garden, uniq_edmund,
          uniq_grinder
D:5:      layout_loops_corners, nicolae_elyvilon_temple_path
D:6:      layout_loops_ring, general_overflow_altar, marbit_many_paths,
          minmay_temple_entry_stoned_glass, minmay_misc_feat_columns,
          chequers_serial_rivers_micro_a, serial_bayou_pond_a, minivault_24
D:7:      layout_gridville, mainiacjoe_overflow_alcove_1,
          nemelex_xobeh_ov_fountains_minmay, minmay_manual_monstrance
Temple:   nicolae_temple_bog_church

Skill      XL: |  1  2  3  4  5  6  7  8 |
---------------+-------------------------+-----
Unarmed Combat | 3 4 5 |  5.8
Shapeshifting  | 1 2 4 5 7 |  7.0
Stealth        | 7 8 10 | 10.0
Fighting       | |  3.0
Dodging        | |  2.0

Action                     |  1- 3 |  4- 6 |  7- 9 || total
---------------------------+-------+-------+-------++-------
  Melee: Unarmed           |    55 |       |       ||    55
         Constrict         |    18 |    13 |    10 ||    41
         Tentacles         |    11 |    12 |     8 ||    31
         Punch             |     2 |       |       ||     2
         Dagger            |    14 |    58 |    54 ||   126
   Stab: Sleeping          |    16 |     7 |    10 ||    33
         Distracted        |       |     1 |       ||     1
 Armour: Skin              |    26 |    26 |    32 ||    84
  Dodge: Dodged            |    25 |    24 |    21 ||    70
   Form: Beast             |     1 |       |       ||     1

Table legend: (Time is in decaauts)
 A = Elapsed time spent in this place.
 B = Non-inter-level travel time spent in this place.
 C = Inter-level travel time spent in this place.
 D = Time resting spent in this place.
 E = Time spent auto-exploring this place.
 F = Levels seen in this place.
 G = Mean time per level.
                   A        B        C        D        E       F      G
               +--------+--------+--------+--------+--------+-----+--------+
         Total |   6453 |   5786 |    667 |    447 |   3280 |   8 |  806.6 |
       Dungeon |   6442 |   5782 |    660 |    447 |   3280 |   7 |  920.3 |
        Temple |     10 |      3 |      7 |      0 |      0 |   1 |   10.0 |
               +--------+--------+--------+--------+--------+-----+--------+

Top non-repeatable levels by time:
     D:5: 1386 daAuts
     D:2: 1274 daAuts
     D:4: 972 daAuts
     D:1: 836 daAuts
     D:6: 782 daAuts
     D:3: 645 daAuts
     D:7: 545 daAuts
  Temple: 10 daAuts
